 Dungeon Crawl Stone Soup version 0.21-a0-434-g806c6c2 (webtiles) character file.

23 sober the Grasshopper (level 2, -2/27 HPs)
             Began as a Naga Warper on Nov 9, 2017.
             Slain by a gnoll
             ... wielding a cursed -3 halberd
              (5 damage)
             ... on level 2 of the Dungeon.
             The game lasted 00:07:37 (871 turns).

sober the Grasshopper (Naga Warper)                  Turns: 871, Time: 00:07:38

Health: -2/27      AC:  2    Str: 13    XL:     2   Next: 95%
Magic:  5/5        EV:  5    Int: 13    God:
Gold:   2          SH:  0    Dex: 10    Spells: 3/5 levels left

rFire    . . .     SeeInvis +   a - +0 falchion
rCold    . . .     Gourm    .   (no shield)
rNeg     . . .     Faith    .   b - +0 leather armour
rPois    +         Spirit   .   (no helmet)
rElec    .         Reflect  .   (no cloak)
rCorr    .         Harm     .   (no gloves)
MR       .....                  (no barding)
Stlth    +.........             g - amulet of regeneration
HPRegen  0.49/turn              (no ring)
MPRegen  0.09/turn              (no ring)

@: held, very slow
A: see invisible, deformed body, poison resistance, slowness 2, slow metabolism
1, spit poison 1, AC +0
a: Spit Poison


You were on level 2 of the Dungeon.
You were not hungry.

You visited 1 branch of the dungeon, and saw 2 of its levels.

You collected 2 gold pieces.

Inventory:

Hand Weapons
 a - a +0 falchion (weapon)
Missiles
 e - 5 tomahawks of dispersal
 h - 32 stones (quivered)
Armour
 b - a +0 leather armour (worn)
Jewellery
 g - an amulet of regeneration (around neck)
Scrolls
 d - a scroll of blinking
 i - a scroll of magic mapping {unknown}
 j - a scroll of enchant weapon {unknown}
 k - a scroll of fog {unknown}
 l - a scroll of identify {unknown}
 m - a scroll of amnesia {unknown}
Books
 c - a book of Spatial Translocations

   Spells                             Type                      Level
   a - Blink                          Translocation                2
   b - Shroud of Golubria             Charms/Translocation         2
   c - Lesser Beckoning               Translocation                3
   d - Gell's Gravitas                Translocation                3
   e - Teleport Other                 Translocation                3
   f - Passage of Golubria            Translocation                4
Comestibles
 f - a bread ration
 n - a meat ration


   Skills:
 + Level 2.4 Fighting
 + Level 2.1 Long Blades
 - Level 1.1 Throwing
 - Level 0.7 Armour
 - Level 1.7 Dodging
 * Level 1.5 Stealth
 - Level 2.2 Spellcasting
 + Level 3.0 Translocations


You had 3 spell levels left.
You knew the following spells:

 Your Spells              Type           Power        Failure   Level  Hunger
a - Blink                 Tloc           N/A          14%         2    ###....


Dungeon Overview and Level Annotations

Branches:
Dungeon (2/15)

Altars:
Okawaru
Uskayaw


Innate Abilities, Weirdness & Mutations

You cannot wear boots.
Your serpentine skin is tough. (AC +0)
You have supernaturally acute eyesight. (SInv)
Armour fits poorly on your strangely shaped body.
Your system is resistant to poisons. (rPois)
You cover ground very slowly.
You have a slow metabolism.
You can spit poison.


Message History

A gnoll comes into view. It is wielding an enchanted halberd.
The gnoll shouts!
A gnoll comes into view. It is wielding a halberd.
The gnoll hits you from afar with a spear!
The gnoll hits you with a flail. The gnoll misses you.
You see here a dented citrine amulet.
The gnoll throws a throwing net.
The throwing net completely misses you.
The gnoll throws a throwing net.
The throwing net hits you.
You become entangled in the net!
You see here a throwing net.
You tear a large gash into the net.
The gnoll hits you from afar with a spear.
The gnoll hits you from afar with an enchanted halberd.
* * * LOW HITPOINT WARNING * * *
You struggle against the net.
The gnoll hits you from afar with a spear.
* * * LOW HITPOINT WARNING * * *
You struggle against the net.
The gnoll hits you from afar with an enchanted halberd.
You die...

###... ..
#....##.##
#....#...#...
#..........?...
#......_.......
#..............
#"ggg#...#.....
#.g(.##.##.....
#..@........(..
#>....†........
#.....#....#.#
###'#.#<.#.#
##.#.####.#
#.........#
#.#.#######
#.._.......
###.#.#####


You could see 4 gnolls.

Vanquished Creatures
  A leopard gecko (D:1)
  4 bats (D:1)
  2 giant cockroaches
  5 hobgoblins (D:1)
  A ball python (D:1)
  2 frilled lizards (D:1)
  2 kobolds (D:1)
  4 rats (D:1)
21 creatures vanquished.

Notes
Turn   | Place    | Note
-------+----------+-------------------------------------------
     0 | D:1      | sober the Naga Warper began the quest for the Orb.
     0 | D:1      | Reached XP level 1. HP: 19/19 MP: 3/3
   228 | D:1      | Reached XP level 2. HP: 27/27 MP: 5/5
   484 | D:1      | Reached skill level 1 in Throwing
   586 | D:1      | Learned a level 2 spell: Blink
   617 | D:1      | Reached skill level 1 in Stealth
   752 | D:2      | Found an iron altar of Okawaru.
   847 | D:2      | Found a hide-covered altar of Uskayaw.
   871 | D:2      | Slain by a gnoll

Vault maps used:
D:1:      lemuel_arrival_broad_hall
D:2:      lemuel_crystal_altar, okawaru_gym_becter, fedhas_altar_1,
          eino_tiny_chamber

Skill      XL: |  1  2 |
---------------+-------+-----
Throwing       | 1 |  1.1
Stealth        | 1 |  1.5
Fighting       | |  2.4
Long Blades    | |  2.1
Armour         | |  0.7
Dodging        | |  1.7
Spellcasting   | |  2.2
Translocations | |  3.0

Action                   || total
-------------------------++-------
Melee: Falchion          ||    34
Throw: Stone             ||    26
 Abil: Spit Poison       ||    11
Armor: Leather armour    ||    11
Dodge: Dodged            ||    38
       Rpst.: Falchion   ||     8

Table legend:
 A = Spawn XP
 B = Non-spawn XP
 C = Spawn XP percentage of total XP
 D = Spawn monster count
 E = Non-spawn monster count
 F = Spawn count percentage of total count
 G = Total turns spent on level
                    A         B        C        D         E        F      G
               +---------+---------+-------+---------+---------+-------+---------
         Total |       0 |      33 |   0.0 |       0 |      21 |   0.0 |   871
               +---------+---------+-------+---------+---------+-------+---------
           D:1 |       0 |      31 |   0.0 |       0 |      20 |   0.0 |   835
           D:2 |       0 |       2 |   0.0 |       0 |       1 |   0.0 |    36
               +---------+---------+-------+---------+---------+-------+---------
